AoeStats
← MZTK | JONVI

Fortress

507375352Analyzed
4v4 RM · 14d ago on Sep 17, 2026· 64m 5s· 8 players
Game mode
Random Map
Map size
Huge
Population
200
Speed
Normal
Resources
Standard
Victory
Conquest
Starting age
Dark Age
Ending age
Imperial Age
RankedLock teamsTeams togetherTeam positionsShared explorationLock speedFull tech treeHidden civsTurbo modeCheats
Victory
Defeat
🇧🇷 Persians · Brazil
1124
+15
🇦🇷 Armenians · Argentina
1101
+27
🇲🇽 Jurchens · Mexico
1082
+17
🇦🇷 Japanese · Argentina
1051
+18
🇪🇸 Poles · Spain
1171
-18
🇦🇺 Goths · Australia
1149
-19
🇺🇸 Cumans · United States
1060
-15
🇨🇭 Wu · Switzerland
1048
-14
Aragorn55
5:31 Loom
7:16 Feudal Age
8:42 Horse Collar
15:07 Castle Age
12:56 Double-Bit Axe
14:08 Wheelbarrow
14:07 Gold Mining
14:06 Town Watch
16:37 Bow Saw
18:27 Scale Barding Armor
18:33 Forging
18:19 Stone Mining
23:14 Hand Cart
24:47 Husbandry
24:57 Bloodlines
31:09 Imperial Age
29:30 Treadmill Crane
29:46 Murder Holes
29:43 Fletching
32:02 Elite Steppe Lancer
34:30 Iron Casting
36:43 Two-Man Saw
39:25 Conscription
39:25 Heavy Plow
40:37 Chain Barding Armor
41:23 Blast Furnace
45:05 Pikeman
45:45 Squires
45:51 Arson
48:43 Fortified Bastions
49:47 Elite Skirmisher
50:45 Halberdier
55:12 Chemistry
56:47 Padded Archer Armor
57:23 Ballistics
56:45 Light Cavalry
59:35 Leather Archer Armor
59:16 Bodkin Arrow
63:01 Plate Barding Armor
62:09 Hussar
Elpanchero12
4:04 Loom
6:59 Feudal Age
8:16 Double-Bit Axe
13:19 Castle Age
11:50 Gold Mining
11:45 Horse Collar
16:08 Wheelbarrow
15:48 Bow Saw
16:28 Town Watch
18:53 Fletching
19:53 Pikeman
23:42 Bodkin Arrow
26:21 Heavy Plow
29:58 Gold Shaft Mining
32:24 Hand Cart
32:22 Padded Archer Armor
33:20 Town Patrol
37:56 Imperial Age
39:58 Elite Composite Bowman
42:55 Bracer
43:11 Leather Archer Armor
44:52 Conscription
45:42 Ballistics
46:22 Chemistry
60:17 Ring Archer Armor
Zee
6:15 Loom
8:07 Feudal Age
11:43 Castle Age
9:48 Double-Bit Axe
10:05 Horse Collar
11:24 Wheelbarrow
12:26 Bow Saw
12:20 Heavy Plow
14:34 Gold Mining
18:05 Stone Mining
21:53 Bloodlines
22:02 Husbandry
23:17 Light Cavalry
24:53 Scale Barding Armor
24:59 Forging
25:37 Gold Shaft Mining
25:37 Hand Cart
25:08 Loom
25:09 Town Watch
26:07 Chain Barding Armor
27:24 Iron Casting
28:13 Stone Shaft Mining
30:16 Imperial Age
30:01 Cavalier
31:20 Plate Barding Armor
31:47 Blast Furnace
31:21 Conscription
31:22 Savar
32:51 Crop Rotation
33:25 Two-Man Saw
34:25 Hussar
50:40 Hoardings
50:01 Fletching
50:44 Masonry
54:42 Caravan
60:08 Architecture
62:20 Bodkin Arrow
62:26 Padded Archer Armor
63:33 Chemistry
62:53 Ballistics
63:01 Thumb Ring
62:59 Elite Skirmisher
64:47 Leather Archer Armor
Calamar100pre
8:09 Feudal Age
12:40 Castle Age
11:36 Forging
11:26 Double-Bit Axe
12:13 Scale Mail Armor
12:30 Gold Mining
13:02 Horse Collar
16:08 Heavy Plow
18:23 Squires
18:48 Pikeman
21:11 Gambesons
23:00 Loom
23:59 Wheelbarrow
25:09 Gold Shaft Mining
26:01 Chain Mail Armor
26:08 Town Watch
30:27 Imperial Age
28:09 Arson
29:43 Iron Casting
29:30 Town Patrol
30:00 Fortified Wall
30:10 Stone Mining
30:40 Halberdier
31:53 Plate Mail Armor
32:37 Conscription
34:21 Blast Furnace
33:45 Elite Samurai
51:45 Elite Skirmisher
57:12 Murder Holes
59:09 Kataparuto
59:28 Hoardings
59:09 Man-at-Arms
61:08 Capped Ram
GilgameshAkaChad
0:47 Loom
8:13 Feudal Age
10:02 Wheelbarrow
9:13 Town Watch
9:10 Horse Collar
9:16 Double-Bit Axe
13:58 Fletching
19:24 Castle Age
19:35 Scale Mail Armor
19:36 Padded Archer Armor
19:47 Forging
20:07 Bodkin Arrow
20:38 Bow Saw
20:30 Heavy Plow
20:07 Pikeman
20:48 Squires
20:23 Elite Skirmisher
21:11 Thumb Ring
21:02 Gold Mining
21:39 Stone Mining
22:10 Chain Mail Armor
23:23 Leather Archer Armor
28:19 Imperial Age
26:06 Hand Cart
29:53 Ring Archer Armor
30:13 Hoardings
29:59 Town Patrol
30:45 Parthian Tactics
29:51 Halberdier
31:49 Plate Mail Armor
33:28 Elite Kipchak
36:11 Ballistics
36:51 Chemistry
36:05 Masonry
38:47 Iron Casting
39:33 Heavy Cavalry Archer
46:47 Blast Furnace
50:51 Arson
53:46 Caravan
55:13 Man-at-Arms
56:09 Long Swordsman
58:47 Two-Handed Swordsman
60:54 Champion
MZTK | JONVI
1:31 Loom
7:25 Feudal Age
11:51 Castle Age
9:55 Double-Bit Axe
10:18 Gold Mining
13:53 Loom
14:56 Szlachta Privileges
17:12 Bloodlines
17:06 Horse Collar
19:33 Husbandry
20:20 Scale Barding Armor
21:52 Forging
23:47 Chain Barding Armor
25:32 Town Watch
26:24 Wheelbarrow
29:51 Imperial Age
28:11 Iron Casting
28:54 Heavy Plow
31:16 Hand Cart
30:38 Cavalier
33:54 Caravan
38:07 Blast Furnace
43:03 Conscription
46:59 Fletching
49:15 Lechitic Legacy
48:20 Light Cavalry
49:03 Bodkin Arrow
49:10 Scale Mail Armor
49:11 Winged Hussar
51:14 Elite Obuch
52:04 Capped Ram
54:14 Chain Mail Armor
54:00 Bracer
55:03 Chemistry
54:24 Ballistics
54:14 Masonry
53:45 Treadmill Crane
53:30 Siege Ram
54:50 Stone Mining
57:48 Plate Mail Armor
57:23 Padded Archer Armor
63:07 Leather Archer Armor
ReynaldDeZureich
8:10 Feudal Age
12:21 Castle Age
10:25 Double-Bit Axe
10:53 Fletching
11:38 Gold Mining
11:34 Horse Collar
13:41 Gold Shaft Mining
13:39 Bow Saw
14:25 Bodkin Arrow
16:12 Heavy Plow
17:25 Red Cliffs Tactics
24:21 Ballistics
26:56 Imperial Age
27:17 Elite Fire Archer
28:33 Bracer
30:03 Conscription
32:00 Padded Archer Armor
40:12 Loom
43:16 Chemistry
50:17 Leather Archer Armor
56:30 Scale Mail Armor
56:40 Forging
56:45 Pikeman
57:26 Squires
57:48 Chain Mail Armor
58:41 Halberdier
61:30 Plate Mail Armor
Doggolog
8:59 Feudal Age
12:50 Castle Age
10:44 Double-Bit Axe
11:12 Horse Collar
16:02 Wheelbarrow
16:02 Bow Saw
15:58 Gold Mining
16:50 Heavy Plow
19:52 Loom
20:09 Stone Mining
20:26 Squires
22:21 Hand Cart
23:27 Caravan
27:09 Imperial Age
25:06 Scale Mail Armor
25:17 Forging
26:51 Stone Shaft Mining
27:14 Anarchy
28:08 Iron Casting
27:49 Chain Mail Armor
28:11 Perfusion
28:35 Conscription
29:15 Crop Rotation
29:47 Two-Man Saw
30:04 Blast Furnace
29:32 Fletching
30:24 Town Watch
31:38 Ballistics
32:14 Elite Huskarl
33:42 Bodkin Arrow
34:54 Murder Holes
35:11 Masonry
35:08 Pikeman
35:58 Halberdier
37:44 Bracer
38:17 Architecture
39:58 Chemistry
52:30 Coinage
52:13 Guilds
55:34 Banking
Connection lost

Rejoining the realm…

Still unreachable

The connection could not be restored.

Session expired

The server has moved on; the page needs a fresh start.